 Dungeon Crawl Stone Soup version 0.30-a0-358-g0d69a1922f (console) character file.

Game seed: 14170494252367933932

785 petzl the Sneak (level 8, -13/52 (61) HPs)
             Began as a Formicid Delver on Nov 8, 2022.
             Was a Believer of Vehumet.
             Mangled by an ogre
             ... wielding a +0 giant club
              (30 damage)
             ... on level 6 of the Dungeon on Nov 10, 2022.
             The game lasted 00:36:14 (5729 turns).

petzl the Sneak (Formicid Delver)                   Turns: 5729, Time: 00:36:14

HP:   -13/52 (61)   AC:  4    Str: 17    XL:     8   Next: 11%
MP:   12/12         EV: 12    Int: 12    God:    Vehumet [**....]
Gold: 355           SH:  5    Dex: 15    Spells: 5/13 levels left

rFire   . . .      SeeInvis +    b - +1 rapier (venom)
rCold   . . .      Faith    .    (no shield)
rNeg    . . .      Spirit   .    l - +0 leather armour
rPois   .          Reflect  +    (helmet unavailable)
rElec   .          Harm     .    u - +0 cloak
rCorr   .          Rampage  .    (no gloves)
Will    .....                    (no boots)
Stlth   +++.......               q - amulet of reflection
HPRegen 0.28/turn                k - ring of flight
MPRegen 0.13/turn                (no ring)

@: flying, heavily drained
A: permanent stasis, dig shafts and tunnels, antennae 3, four strong arms
a: Dig, Shaft Self, Renounce Religion


You were on level 6 of the Dungeon.
You worshipped Vehumet.
Vehumet was pleased with you.
You visited 2 branches of the dungeon, and saw 8 of its levels.

You collected 355 gold pieces.

Inventory:

Hand Weapons
 a - a +0 shortbow
 b - a +1 rapier of venom (weapon)
 c - a +1 quarterstaff of draining
 r - a +2 sling
 z - a +0 dagger of protection {!f =f}
Missiles
 p - 4 boomerangs
 y - 3 javelins
 F - 4 poisoned darts
Armour
 l - a +0 leather armour (worn)
 u - a +0 cloak (worn)
Jewellery
 k - a ring of flight (left hand)
 q - an amulet of reflection (around neck)
Wands
 f - a wand of digging (3)
 n - a wand of iceblast (5)
 D - a wand of charming (6)
Scrolls
 d - 2 scrolls of magic mapping
 e - 5 scrolls of fear
 m - a scroll of immolation
 s - a scroll of butterflies
 t - 2 scrolls of poison
 x - 2 scrolls of vulnerability
 A - a scroll of fog
 B - a scroll of summoning
Potions
 g - a potion of berserk rage {unknown}
 h - a potion of brilliance {unknown}
 i - a potion of lignification {unknown}
 j - 2 potions of curing
 o - a potion of haste {unknown}
 v - a potion of might
 C - 2 potions of attraction {unknown}
 E - a potion of magic {unknown}


   Skills:
 + Level 4.7 Fighting
 - Level 2.8 Maces & Flails
 * Level 2.2 Ranged Weapons
 + Level 0.8 Armour
 + Level 3.3 Dodging
 + Level 7.3 Stealth
 + Level 3.0 Spellcasting
 + Level 2.3 Conjurations
 + Level 0.3 Transmutations
 + Level 0.4 Fire Magic
 + Level 2.2 Ice Magic
 + Level 0.5 Air Magic


You had 5 spell levels left.
You knew the following spells:

 Your Spells              Type           Power      Damage    Failure   Level
a - Shock                 Conj/Air       20%        1d4       16%         1
b - Hailstorm             Conj/Ice       7%         3d4       34%         3
p - Apportation           Tloc           2%         N/A       28%         1
I - Ignite Poison         Fire/Tmut/Pois 2%         N/A       61%         3

Your spell library contained the following spells:

 Spells                   Type           Power      Damage    Failure   Level
 Beastly Appendage        Tmut           4%         N/A       26%         1
 Necrotise                Necr           4%         1d4       28%         1
 Slow                     Hex            4%         N/A       28%         1
 Summon Small Mammal      Summ           4%         N/A       28%         1
 Wereblood                Tmut           2%         N/A       36%         2
 Spider Form              Tmut/Pois      2%         N/A       63%         3
 Confusing Touch          Hex            1%         N/A       65%         3
 Vampiric Draining        Necr           1%         2d6       65%         3
 Ice Form                 Ice/Tmut       4%         N/A       86%         4
 Manifold Assault         Tloc           1%         N/A       96%         4
 Simulacrum               Ice/Necr       2%         N/A       100%        6
 Storm Form               Tmut/Air       1%         N/A       100%        7
 Blink                    Tloc           Unusable   N/A       N/A         2

Dungeon Overview and Level Annotations

Branches:
Dungeon (7/15)             Temple (1/1) D:4

Altars:
Ashenzari
Cheibriados
Dithmenos
Elyvilon
Gozag
Kikubaaqudgha
Makhleb
Nemelex Xobeh
Uskayaw
Vehumet
Yredelemnul

Shops:
D:5 *

Annotations:
D:3 exclusion: 2 downstairs
D:4 1 runed translucent door, exclusions: adder, 2 downstairs and upstairs, Grinder; eyols's ghost, amateur DjTm
D:5 exclusions: adder, downstairs, ice beast and 2 orcs
D:7 exclusion: upstairs


Innate Abilities, Weirdness & Mutations

You cannot be hasted, slowed, berserked, paralysed or teleported.
You can dig through walls and to a lower floor.
You have a pair of large antennae on your head. (SInv)
Your four strong arms can wield two-handed weapons with a shield.


Message History

The shadow imp misses you. The shadow imp hits you.
You sock the shadow imp!
You kill the shadow imp!
Vehumet accepts your kill.
a - a +0 shortbow (weapon)
A steam dragon is nearby!
The steam dragon hisses angrily.
You see here a ball python corpse.
The steam dragon breathes steam at you. The ball of steam hits you!!
A river rat comes into view.
Press: ? - help, v - describe, . - travel A translucent stone wall.
Unknown command.
Unknown command.
You extend your mandibles.
You dig through the rock wall.
You feel drained.
You dig through the rock wall.
You feel drained.
You dig through the rock wall.
You feel drained.
You dig through the rock wall.
You feel drained.
You retract your mandibles.
An orc comes into view. It is wielding a +0 short sword.
Found a cloak.
The orc moves out of view.
An ogre comes into view. It is wielding a +0 giant club.
You shoot an arrow.
The arrow hits the ogre but does no damage.
The ogre shouts!
You shoot an arrow. The orc shouts!
The arrow hits the ogre but does no damage.
Your +1 rapier of venom begins to drip with poison!
b - a +1 rapier of venom (weapon)
You hit the ogre.
The ogre is poisoned.
The ogre is lightly wounded.
The ogre hits you with a +0 giant club!!
Ouch! That really hurt!
Are you sure you want to shaft yourself?
The ogre hits you with a +0 giant club!!
Ouch! That really hurt!
You die...

........~~~~~..#
..###...~~.~~..# ### .
#...~~~~~..# #..
#....~~~...# #.#
##.........# #.# #
#....†.D..###.# .#####
####.####..§D.##.{.o.[
######.# #####...{# #.#.#
#.)..).# #..### #.#.#
#.###### #..#.###.#.# #.#
#####...#.##.#.# #.#######
##########.....#
#.......####.....###..$..#
#######....#.###.#.......#
#.##.'.#...###.{...#
#.##['.#._.####..[##
#.##.'.#...## ##o##
#.####.###.#####.# #.#
##.....###.@.# #.#
##########O### #.#
######.###. #.# #.# #.
########.########.# #.
#.................# #.
.####...########## #^
#.######## #. #.......[.
#.######## ########.#####
#[...........#
#.###.######.# #.###..##
#.# ?.......# #.#
##.####.# #.# .....##.#
#.# ......#.####.#
......#......#


You could see an ogre (very poisoned) and an orc.

Vanquished Creatures
  A centaur (D:6)
  A bullfrog (D:6)
  2 necrophages (D:4)
  A scorpion (D:4)
  A wight (D:7)
  2 orc priests (D:4)
  Jessica (D:2)
  An iguana (D:7)
  An orc wizard (D:6)
  Robin (D:2)
  6 gnolls (D:7)
  8 adders
  A shadow imp (D:6)
  2 worms (D:4)
  2 dart slugs (D:2)
  18 orcs
  2 bats (D:1)
  8 endoplasms
  7 giant cockroaches
  15 goblins
  13 hobgoblins
  2 quokkas
  4 ball pythons
  3 frilled lizards
  7 kobolds
  4 rats
114 creatures vanquished.

Notes
Turn   | Place    | Note
-------+----------+-------------------------------------------
     0 | D:5      | petzl the Formicid Delver began the quest for the Orb.
     0 | D:5      | Reached XP level 1. HP: 18/18 MP: 1/1
    70 | D:5      | Noticed an ice beast
    83 | D:6      | Noticed a hound
   108 | D:4      | Found a staircase to the Ecumenical Temple.
   120 | Temple   | Entered the Ecumenical Temple
   135 | Temple   | Became a worshipper of Vehumet
   340 | D:4      | Reached XP level 2. HP: 17/24 MP: 2/2
   394 | D:4      | Found a runed translucent door.
   395 | D:4      | Noticed a sky beast
   395 | D:4      | Noticed eyols's ghost (amateur DjTm)
   620 | D:4      | You fall into a shaft and drop 1 floor!
   625 | D:5      | Noticed a black bear
   627 | D:5      | Found Zin's Purification Station.
   657 | D:5      | Noticed a scorpion
   703 | D:4      | Reached XP level 3. HP: 16/29 MP: 3/3
   773 | D:4      | Noticed Grinder
   998 | D:4      | Noticed a necrophage
  1172 | D:2      | Reached XP level 4. HP: 37/37 MP: 4/4
  1205 | D:2      | Noticed Jessica
  1213 | D:2      | Killed Jessica
  1358 | D:2      | Learned a level 3 spell: Hailstorm
  1439 | D:2      | Reached XP level 5. HP: 39/42 MP: 5/5
  1509 | D:2      | Noticed Robin
  1529 | D:2      | Reached * piety under Vehumet
  1529 | D:2      | Offered knowledge of Magic Dart by Vehumet.
  1535 | D:2      | You are sucked into a shaft and drop 2 floors!
  1730 | D:4      | Learned a level 1 spell: Apportation
  1925 | D:2      | Killed Robin
  1926 | D:2      | Reached skill level 1 in Spellcasting
  2162 | D:1      | Reached skill level 1 in Conjurations
  2817 | D:1      | Found a faded altar of an unknown god.
  3389 | D:2      | Offered knowledge of Shock by Vehumet.
  3438 | D:2      | Learned a level 1 spell: Shock
  3490 | D:2      | Reached ** piety under Vehumet
  3797 | D:3      | Reached skill level 1 in Ice Magic
  3797 | D:3      | Reached XP level 6. HP: 48/48 MP: 6/8
  3829 | D:3      | Found a sparkling altar of Nemelex Xobeh.
  3982 | D:3      | Found a basalt altar of Yredelemnul.
  4167 | D:5      | Noticed an ice beast
  4282 | D:4      | Reached skill level 7 in Stealth
  4282 | D:4      | Reached XP level 7. HP: 35/55 MP: 10/10
  4384 | D:4      | Reached skill level 1 in Ranged Weapons
  4712 | D:4      | You are sucked into a shaft and drop 3 floors!
  5040 | D:7      | Offered knowledge of Ignite Poison by Vehumet.
  5045 | D:7      | Learned a level 3 spell: Ignite Poison
  5208 | D:6      | Noticed a steam dragon
  5484 | D:6      | Found a shadowy altar of Dithmenos.
  5495 | D:6      | Reached XP level 8. HP: 47/61 MP: 12/12
  5595 | D:6      | Found an ancient bone altar of Kikubaaqudgha.
  5729 | D:6      | Mangled by an ogre

Illustrated notes

Levels and vault maps discovered:
D:1:      sevenhm_arrival_forest_fort_small_5, layout_loops_corners,
          shapermc_ecumenical_altar_pompeii, minmay_misc_feat_x
D:2:      layout_basic, minmay_goblin_kobold_house, uniq_jessica, uniq_robin
D:3:      layout_rooms, yredelemnul_altar_generic, nemelex_spade_bored_becter
D:4:      layout_rooms, fedhas_altar_4, minmay_temple_entry_wispy,
          ebering_ghost_inner_flame, minmay_misc_feat_encased,
          minmay_misc_feat_iff, hangedman_decor_clover_reticule, uniq_grinder,
          uniq_menkaure
D:5:      layout_cave_pools, nicolae_overflow_hidden_temple,
          amcnicky_altar_gilded, zin_purify, tgw_trog
D:6:      layout_loops_ring, old_standard_altar, mainiacjoe_overflow_alcove_4,
          portal_sewer_entry_a, grunt_ministairs_5
D:7:      layout_basic, nzn_wu_jian_council_hall, mainiacjoe_overflow_24_doors
Temple:   hellmonk_temple_two_chambers

Skill      XL: |  1  2  3  4  5  6  7  8 |
---------------+-------------------------+-----
Dodging        | 2 3 |  3.3
Fighting       | 4 |  4.7
Spellcasting   | 1 2 3 |  3.0
Conjurations   | 1 2 |  2.3
Ice Magic      | 1 2 |  2.2
Stealth        | 7 |  7.3
Ranged Weapons | 2 |  2.2
Maces & Flails | |  2.8
Armour         | |  0.8
Transmutations | |  0.3
Fire Magic     | |  0.4
Air Magic      | |  0.5

Action                   |  1- 3 |  4- 6 |  7- 9 || total
-------------------------+-------+-------+-------++-------
Melee: Mace              |    24 |       |       ||    24
       Rapier            |    59 |   156 |    62 ||   277
       Quarterstaff      |     8 |    14 |    25 ||    47
       Punch             |       |     2 |     1 ||     3
 Fire: Sling             |       |    40 |    35 ||    75
       Shortbow          |       |       |    11 ||    11
 Abil: Dig               |     2 |     2 |     1 ||     5
       Shaft Self        |     1 |     1 |     2 ||     4
  Use: Scroll            |       |     6 |     3 ||     9
       Potion            |       |       |     2 ||     2
 Stab: Sleeping          |     3 |    16 |       ||    19
Armor: Leather armour    |    16 |    39 |    10 ||    65
Dodge: Dodged            |    65 |    93 |    41 ||   199
Block: Other             |       |    40 |    24 ||    64

Table legend: (Time is in decaauts)
 A = Elapsed time spent in this place.
 B = Non-inter-level travel time spent in this place.
 C = Inter-level travel time spent in this place.
 D = Time resting spent in this place.
 E = Time spent auto-exploring this place.
 F = Levels seen in this place.
 G = Mean time per level.
                   A        B        C        D        E       F      G
               +--------+--------+--------+--------+--------+-----+--------+
         Total |   5819 |   5438 |    381 |   1278 |   1971 |   8 |  727.4 |
       Dungeon |   5797 |   5419 |    378 |   1278 |   1971 |   7 |  828.1 |
        Temple |     21 |     18 |      3 |      0 |      0 |   1 |   21.0 |
               +--------+--------+--------+--------+--------+-----+--------+

Top non-repeatable levels by time:
     D:4: 1569 daAuts
     D:1: 1238 daAuts
     D:2: 1051 daAuts
     D:3: 744 daAuts
     D:7: 691 daAuts
     D:6: 336 daAuts
     D:5: 165 daAuts
  Temple: 21 daAuts
